Cogmind - Beta 13 @@@ ROGUE MODE // 2024.04.13 @ 07:53:07 Player: opdo Result: Destroyed by 2U-AC5(R) with Subdweller Laser Performance ------------- Evolutions (0) 0 Regions Visited (2) 400 Robots Destroyed (11) 55 Value Destroyed (254) 254 Prototype IDs (0) 0 Alien Tech Used (0) 0 Bonus (0) 0 TOTAL SCORE: 709 Bonus ------- None Cogmind --------- Core Integrity 0/250 Matter 141/300 Energy 100/100 System Corruption 10% Temperature Cool (6) Movement Walking (120) Location -10/Subcaves Parts ------- > --- POWER (1) -------- (None) > --- PROPULSION (2) --- Aluminum Leg Compact Wheel > --- UTILITY (2) ------ Small Storage Unit > --- WEAPON (2) ------- Assault Rifle > --- INVENTORY (8) ---- Subdweller Monowheel Improved Terrain Scanner Subdweller Machine Gun Scrap Shield Fragment (45) Scrap Shield Fragment (41) Peak State ------------ > --- POWER ------------ Subdweller Power Source > --- PROPULSION ------- Compact Wheel Compact Wheel > --- UTILITY ---------- Small Storage Unit Seismic Detector > --- WEAPON ----------- Grenade Launcher Flamer > --- INVENTORY -------- Aluminum Leg Subdweller Monowheel Improved Terrain Scanner Assault Rifle Subdweller Machine Gun Scrap Shield Fragment Scrap Shield Fragment [Rating: 10] Favorites ----------- Power Light Ion Engine Engine Light Ion Engine Propulsion Aluminum Leg Leg Aluminum Leg Wheel Compact Wheel Utility Small Storage Unit Device Seismic Detector Storage Small Storage Unit Weapon EM Pulse Gun Energy Gun EM Pulse Gun Ballistic Gun Assault Rifle Launcher Grenade Launcher Special Weapon Flamer Build | -11 -10 -10 ------- Run | Yrd Mat Sub Slots Evolved . | . . . Power . | . . . Propulsion . | . . . Utility . | . . . Weapon . | . . . Parts Attached 14 | 6 . 8 Power 2 | 1 . 1 Engine 2 | 1 . 1 Core . | . . . Reactor . | . . . Propulsion 5 | 2 . 3 Treads . | . . . Leg 3 | 2 . 1 Wheel 2 | . . 2 Hover . | . . . Flight . | . . . Utility 2 | 1 . 1 Device 1 | . . 1 Storage 1 | 1 . . Processor . | . . . Hackware . | . . . Protection . | . . . Artifact . | . . . Weapon 5 | 2 . 3 Energy Gun 2 | 2 . . Energy Cannon . | . . . Ballistic Gun 1 | . . 1 Ballistic Cannon . | . . . Launcher 1 | . . 1 Special Weapon 1 | . . 1 Impact Weapon . | . . . Slashing Weapon . | . . . Piercing Weapon . | . . . Special Melee Weapon . | . . . Unidentified Prototypes . | . . . Parts Lost 7 | . . 7 Power 1 | . . 1 Propulsion 2 | . . 2 Utility 1 | . . 1 Weapon 3 | . . 3 Highest Loss Streak 3 | . . 3 To Critical Strikes . | . . . Average Slot Usage (%) 77 | . 85 67 Engine 10 | . 14 6 Leg 18 | . 28 6 Wheel 9 | . . 21 Storage 14 | . 14 14 Energy Gun 16 | . 28 1 Launcher 5 | . . 12 Naked Turns . | . . . Heaviest Build 16 | 12 12 16 Greatest Support 32 | 20 20 32 Greatest Overweight (x) 2 | 2 . . Average Overweight (x) . | . . . Largest Inventory Capacity 8 | 8 8 8 Average Capacity 7 | 7 8 8 Most Carried 8 | 5 6 8 Average Carried 5 | 3 5 5 Final Capacity 8 | 8 8 8 Final Carried 6 | 5 6 5 Class Distribution -------------------- 100% | Mutant Dominant Class ---------------- Mutant | -10/Materials Mutant | -10/Subcaves Resources | -11 -10 -10 ----------- Run | Yrd Mat Sub Matter Collected 285 | 113 28 144 Remotely . | . . . Salvage Created 234 | 49 116 69 Parts 31 | 8 14 9 Haulers Intercepted . | . . . Recyclers Shooed . | . . . Parts Field Recycled . | . . . Retrieved Matter . | . . . Parts Self-Destructed 6 | . . 6 Prevented . | . . . Kills | -11 -10 -10 ------- Run | Yrd Mat Sub Combat Hostiles Destroyed 8 | . 4 4 Guns 5 | . 4 1 AOE 3 | . . 3 Classes Destroyed 5 | 1 3 1 Tunneler 2 | 2 . . Watcher 1 | . 1 . Swarmer 3 | . 3 . Grunt 1 | . 1 . Subdweller 4 | . . 4 Best Kill Streak 3 | 2 3 2 Combat Bots Only 3 | . 3 2 Max Kills in Single Turn 1 | 1 1 1 Gunslinging . | . . . Exploded 1 | . . 1 Melee . | . . . Uniques/NPCs Destroyed . | . . . Combat | -11 -10 -10 -------- Run | Yrd Mat Sub Hostile Shots Fired 39 | . 15 24 Missed 10 | . 2 8 Damage Taken 813 | . 107 706 Core 255 | . 24 231 Absorbed by Shields . | . . . Core Remaining (%) 100 | 100 . . Volleys Fired 31 | 3 6 22 Largest 2 | 2 2 1 Hottest 100 | 80 80 100 Shots Fired 40 | 6 12 22 Gun 27 | 6 12 9 Cannon . | . . . Launcher 9 | . . 9 Special 4 | . . 4 Kinetic 9 | . . 9 Thermal 4 | . . 4 Explosive 9 | . . 9 Electromagnetic 18 | 6 12 . Robot Hit Streak 14 | 3 4 14 Robot Miss Streak 3 | 1 3 2 Penetration Max . | . . . Secondary Targets . | . . . Shots Hit Robots 26 | 5 6 15 Core Hits 18 | 2 6 10 Critical Kills . | . . . Critical Parts Destroyed . | . . . Critical Strikes . | . . . Melee Attacks . | . . . Impact . | . . . Slashing . | . . . Piercing . | . . . Sneak Attacks . | . . . Combat Hostiles . | . . . Follow-up Attacks . | . . . Damage Inflicted 636 | 66 78 492 Guns 209 | 66 78 65 Cannons . | . . . Explosions 427 | . . 427 Melee . | . . . Ramming . | . . . Kinetic 65 | . . 65 Thermal . | . . . Explosive 427 | . . 427 Electromagnetic 144 | 66 78 . Impact . | . . . Slashing . | . . . Piercing . | . . . Highest Corruption 10 | . . 10 Average Corruption 10 | . . 10 Corruption Purged . | . . . Corruption Blocked . | . . . Effects 14 | . . 14 Message Errors 4 | . . 4 Matter Fused 3 | . . 3 Heat Flow Errors 3 | . . 3 Parts Rejected 1 | . . 1 Data Loss (minor) 2 | . . 2 Data Loss (major) 1 | . . 1 Overload Shots . | . . . Overflow Damage . | . . . Projectiles . | . . . Explosions . | . . . Melee . | . . . Knockbacks . | . . . Impact . | . . . Kinetic . | . . . Secondary . | . . . Self-Inflicted Damage . | . . . Shots . | . . . Rammed . | . . . Targets Rammed . | . . . Kicked . | . . . Crushed . | . . . Highest Temperature 236 | 36 54 236 Average Temperature 49 | 18 24 90 Received Heat Transfer 30 | . . 30 Siege Activations . | . . . Robots Corrupted . | . . . Combat Hostiles . | . . . Parts Fried . | . . . Impact Corruptions . | . . . Robots Melted . | . . . Combat Hostiles . | . . . Parts Melted . | . . . Heat Transferred . | . . . Parts Sabotaged . | . . . Parts Stolen . | . . . Parts Stripped . | . . . Power Chain Reactions . | . . . Alert | -11 -10 -10 ------- Run | Yrd Mat Sub Peak Influence 118 | 10 118 . Initial 6 | . 6 . Average 54 | 1 60 . Maximum Alert Level . | . . . Low Security (%) 100 | 100 100 . Level 1 . | . . . Level 2 . | . . . Level 3 . | . . . Level 4 . | . . . Level 5 . | . . . High Security . | . . . Max Security . | . . . Squads Dispatched 1 | . 1 . Investigation 1 | . 1 . Extermination . | . . . Reinforcement . | . . . Assault . | . . . Garrison . | . . . Intercept . | . . . Searches Triggered . | . . . Construction Impeded . | . . . Haulers Reinforced . | . . . Active Scanning Responses . | . . . Cargo Convoy Interrupts . | . . . Stealth | -11 -10 -10 --------- Run | Yrd Mat Sub Distress Signals . | . . . Communications Jammed . | . . . Distress Signals . | . . . Times Spotted 12 | . 5 7 Peak Tracking Total 3 | . 3 3 Tactical Retreats 1 | . . 1 Traps | -11 -10 -10 ------- Run | Yrd Mat Sub Traps Triggered 3 | . 1 2 Indirectly . | . . . Trap Hack Attempts . | . . . Triggered . | . . . Disarmed . | . . . Reprogrammed . | . . . Reused . | . . . Traps Extracted . | . . . Installed . | . . . Triggered . | . . . Machines | -11 -10 -10 ---------- Run | Yrd Mat Sub Machines Disabled . | . . . Max in Single Turn . | . . . Machines Repaired . | . . . Machines Dismantled . | . . . Machines Sabotaged . | . . . Overloaded Fab Kills . | . . . Hacking | -11 -10 -10 --------- Run | Yrd Mat Sub Machines Accessed 1 | . 1 . Terminals 1 | . 1 . Fabricators . | . . . Repair Stations . | . . . Recycling Units . | . . . Scanalyzers . | . . . Garrison Access . | . . . Total Hacks 2 | . 2 . Successful 1 | . 1 . Failed 1 | . 1 . Catastrophic . | . . . Database Lockouts . | . . . Manual 2 | . 2 . Terminals 2 | . 2 . Fabricators . | . . . Repair Stations . | . . . Recycling Units . | . . . Scanalyzers . | . . . Garrison Access . | . . . Terminal Hacks . | . . . Fabricator Hacks . | . . . Repair Station Hacks . | . . . Recycling Unit Hacks . | . . . Scanalyzer . | . . . Garrison Access Hacks . | . . . Unauthorized Hacks 1 | . 1 . Terminals 1 | . 1 . Botnet 1 | . 1 . Fabricators . | . . . Repair Stations . | . . . Recycling Units . | . . . Scanalyzers . | . . . Garrison Access . | . . . Data Cores Recovered . | . . . Used . | . . . Hacking Detections 1 | . 1 . Full Trace Events . | . . . Feedback Events . | . . . Feedback Blocked . | . . . Robot Schematics Acquired . | . . . Robots Built . | . . . Authchips . | . . . Time . | . . . Total Robot Build Rating . | . . . Part Schematics Acquired . | . . . Parts Built . | . . . Authchips . | . . . Time . | . . . Total Part Build Rating . | . . . Parts Repaired . | . . . Time . | . . . Parts Recycled . | . . . Recycled Matter . | . . . Retrieved Matter . | . . . Retrieved Components . | . . . Parts Scanalyzed . | . . . Part Schematics Acquired . | . . . Parts Damaged . | . . . Bothacking | -11 -10 -10 ------------ Run | Yrd Mat Sub Used RIF Installer . | . . . Robots Hacked . | . . . Non-combat . | . . . Combat . | . . . Robot Hacks Applied . | . . . Relay Couplers Released . | . . . Fabnet Peak Effective % . | . . . Robots Rewired . | . . . Allies Hacked . | . . . Hacks Repelled . | . . . Allies | -11 -10 -10 -------- Run | Yrd Mat Sub Total Allies . | . . . Largest Group . | . . . Highest-Rated Group . | . . . Highest-Rated Ally . | . . . Total Orders . | . . . Ally Attacks . | . . . Total Damage . | . . . Kills . | . . . Allies Corrupted . | . . . Allies Melted . | . . . Intel | -11 -10 -10 ------- Run | Yrd Mat Sub Robot Analysis Total . | . . . Derelict Logs Recovered . | . . . Drone Launches . | . . . Drone Recoveries . | . . . Exploration | -11 -10 -10 ------------- Run | Yrd Mat Sub Turns Passed 1135 | 68 603 464 Spaces Moved 515 | 40 107 368 Core 6 | 6 . . Treads . | . . . Legs 217 | 34 107 76 Wheels 292 | . . 292 Hover . | . . . Flight . | . . . Fastest Speed 50 | 50 120 100 Average Speed 108 | 113 120 104 Slowest Speed 150 | 150 120 120 Overloaded Moves . | . . . Propulsion Burnouts . | . . . Robots Hopped . | . . . Cave-ins Triggered 1 | . . 1 Exploration Rate (%) 14 | 3 17 24 Regions Visited 2 Branch Regions 1 Pre-discovered Areas 1 | . . 1 Known Exits Taken . | . . . Unknown Exits Taken 2 | 1 1 . Scrap Searched 3 | . . 3 Spaces Dug . | . . . Terrain Destroyed 34 | . . 34 Melee . | . . . Projectile . | . . . AOE 34 | . . 34 Terrain Rammed . | . . . Walls Destroyed . | . . . Machines Disabled . | . . . Actions | -11 -10 -10 --------- Run | Yrd Mat Sub Total 1040 | 53 569 418 Wait 470 | . 456 14 Move 513 | 39 106 368 Hop . | . . . Pick Up 11 | 5 1 5 Fast Attach 7 | 6 . 1 Attach 5 | . . 5 Detach . | . . . Swap 2 | . . 2 Drop 1 | . . 1 Fire 31 | 3 6 22 Melee . | . . . Ram . | . . . Kick . | . . . Crush . | . . . Escape Stasis . | . . . Rewire . | . . . Trap . | . . . Miscellaneous . | . . . Route ------- -11/Scrapyard -10/Materials -10/Subcaves (discovered 1 exit: [*Mat]) History --------- Turn | Location | Event 16 | -11/Scrapyard | Discovered new exit (range 15) 69 | -11/Scrapyard | Entered Materials 317 | -10/Materials | Build established: Mutant 667 | -10/Materials | Discovered new exit (range 3) 672 | -10/Materials | Entered Subcaves 675 | -10/Subcaves | Discovered new exit (range 10) 773 | -10/Subcaves | Crushed by falling debris 773 | -10/Subcaves | Core integrity fell below 50% 773 | -10/Subcaves | System corruption reached 10% 907 | -10/Subcaves | Learned location of Zion (-7) 907 | -10/Subcaves | Met a Zionite searching for "candidates" 1044 | -10/Subcaves | Shifting Twisted Machinery released Sub. Optics 1128 | -10/Subcaves | Core integrity fell below 20% 1136 | -10/Subcaves | Destroyed by 2U-AC5(R) with Subdweller Laser Last Messages --------------- 01035_ Acquired Flamer. Sub. Optics falls loose from the Twisted Machinery. 01051_ PLC|G , B7IF 01094_ Triggered Piercing Trap. 01094_ Spikes shoot up from the floor. 01094_ Critical hit (Impale). 01115_ Grenade Launcher destroyed. 2U-AC5(R) emerges from concealment. 01121_ Com. Wheel destroyed. 01124_ System corrupted: Sub. Power Source rejected. 01133_ Flamer destroyed. 01133_ P7-OGQ(R) destroyed. Map ----- +----------------------------------------------------+ | #????? "" ??????????????????????????????????? | | ###???? "" ??????????????????????????????????? | | ??????? "" ????????????????????????????????? | | ??????" "" ## "??????????????????????????????? | | ??????""""""###?? ??????????????????????????????? | | ??# ???#"""???????? ?????????????????????????????? | | ??# ??##""""????????????????????????????????????? | | ???# ###"""""???????????????????????????????????? | | ????# " "!"????????????????????????????????????? | | ######"" "#????????????????????????????????????? | | #"[= ## """"#????????????????????????????????????? | | & "##?#""" #???""" ?????????????????????????????? | | ## ##### #?## ##???????????????????????????? | | " ##"# ###"" ##??????????????????????????? | | # # ""# "" "?#???????????????????????? | | """" " ? ????????#####??????????? | | # #" ###??? ##????? ??????????? | | # #" ##????? #???? ??????????? | | ## ## ##?????? ##??# ""??????????? | | # ## ##?##??#???????# ### "#??????????? | | ###### # #??######?##???# # #???????????? | | ?????###^ ### # #???# ##??????????? | | ?????## #???# %* ##?????????? | | ???### ^ #???# R ???????? | | ??## ### #??##* R ""????????? | | ### ##?## ###@ ## """ ???????????? | | # ### # #????????????????????? | | ^ ### ##???????????????????? | | ## ### #???????????????????? | | # #### ### ## ###?????????????????? | | ## ^ #?# #?????????????????? | | ?## ##?## #?????????????????? | | ??## #??# # # ### #?????????????????? | | ???## #####??##########?########?????????????????? | | ????##???????????????????????????????????????????? | | ?????????????????????????????????????????????????? | | ?????????????????????????????????????????????????? | | ?????????????????????????????????????????????????? | | ?????????????????????????????????????????????????? | | ?????????????????????????????????????????????????? | | ?????????????????????????????????????????????????? | | ?????????????????????????????????????????????????? | | ?????????????????????????????????????????????????? | | ?????????????????????????????????????????????????? | | ?????????????????????????????????????????????????? | | ?????????????????????????????????????????????????? | | ?????????????????????????????????????????????????? | | ?????????????????????????????????????????????????? | | ?????????????????????????????????????????????????? | | | +----------------------------------------------------+ Best States ------------- Heat Dissipation 25 Energy Generation 15 Energy Capacity 200 Matter Stores 214 Matter Capacity 300 Sight Range 16 Terrain Scan Density 10 Evasion (%) 55 Item Schematics ----------------- None Robot Schematics ------------------ None Fabricated ------------ Nothing Alien Tech Used ----------------- None Achievements -------------- None Challenges ------------ None Game ------ Seed OpticalTargetingBeam Manual? 0 Play Time 00:09:07 Cumulative 36.5 hours Start 2024.04.13 @ 07:46:46 End 2024.04.13 @ 07:53:07 Sessions 1 Manual Loads 0 Difficulty Rogue Special Mode None Game No. 99 Rogue 97 Adventurer 2 Explorer 0 Win Type - Total 0 Types 0/0/0/0/0/0/0/0/0 Lore% 31 Gallery% 43 Achievement% 33 Wizard Run 0 Options --------- Layout 2 ASCII 0 Keyboard 0 Movement Arrows Keybinds 0 Fullscreen 2 Font 24/Smallcaps Map View 50x44 Zoom Use 0% Tactical HUD 1 Map Filters NONE Filters NONE Steam 1 RUN: 6c5b68ad-34d4-433e-a1e7-ff9a8cf56bbe